[Event "23rd Int. Tournament "]
[Site "?"]
[Date "2015.09.03"]
[Round "8.12"]
[White "Pountzas, Hrisanthos"]
[Black "Spyropoulos, Nikolaos"]
[Result "1/2-1/2"]
[ECO "A21"]
[WhiteElo "2128"]
[BlackElo "1993"]
[PlyCount "134"]
[EventDate "2015.08.27"]
[TimeControl "120+19"]
[WhiteClock "0:00:02"]
[BlackClock "0:00:34"]

1. c4 e5 2. g3 d6 3. Bg2 f5 4. Nc3 Nf6 5. Nf3 Be7 6. O-O O-O 7. d3 c6 8. Rb1 a5
9. a3 Nbd7 10. b4 Kh8 11. Ne1 Nb6 12. Qb3 axb4 13. axb4 Qc7 14. b5 Rb8 15. Be3
c5 16. Nc2 Be6 17. Bg5 Ng8 18. Bd2 Bf6 19. Ne3 Ne7 20. Ned5 Nexd5 21. Nxd5 Bxd5
22. Bxd5 Nxd5 23. cxd5 b6 24. Ra1 Ra8 25. Ra6 e4 26. dxe4 fxe4 27. Qa4 Qb7 28.
Rxa8 Qxa8 29. Qxe4 Re8 30. Qd3 Qa4 31. Rc1 Qe4 32. Bf4 Qxe2 33. Qxe2 Rxe2 34.
Kf1 Rb2 35. Re1 h6 36. Bxd6 Rxb5 37. Bc7 c4 38. d6 Rd5 39. Bxb6 Rxd6 40. Be3 c3
41. Ke2 Kh7 42. h4 Kg6 43. Rd1 Ra6 44. Rd5 Rc6 45. h5+ Kf7 46. Rc5 Rxc5 47.
Bxc5 Ke6 48. Kd3 Kf5 49. Bb4 Kg4 50. Ba5 Be5 51. Bb4 Kf3 52. Bc5 Bf6 53. Bb6
Kg4 54. Ba5 Be5 55. Bb4 Kxh5 56. f3 Bxg3 57. Bxc3 g5 58. Ke2 Kh4 59. Bf6 Kh3
60. Bg7 h5 61. Bf6 Bf4 62. Kf2 Kh2 63. Bd8 h4 64. Be7 h3 65. Bd8 Kh1 66. Be7 h2
67. Kf1 Bg3 1/2-1/2

[Event "23rd Int. Tournament "]
[Site "?"]
[Date "2015.09.04"]
[Round "9.1"]
[White "Kouskoutis, Georgios-Alexandro"]
[Black "Kapnisis, Spyridon"]
[Result "1/2-1/2"]
[ECO "E60"]
[WhiteElo "2128"]
[BlackElo "2455"]
[PlyCount "54"]
[EventDate "2015.08.27"]
[TimeControl "120+26"]
[WhiteClock "0:00:10"]
[BlackClock "0:00:30"]

1. d4 Nf6 2. c4 c5 3. d5 b5 4. cxb5 a6 5. bxa6 g6 6. Nc3 Bg7 7. g3 d6 8. Bg2
O-O 9. Nf3 Nxa6 10. O-O Qb6 11. Nd2 Nc7 12. Rb1 Bb7 13. Nc4 Qb4 14. Ne3 Nd7 15.
a3 Qb6 16. Bd2 Ba6 17. b4 cxb4 18. Rxb4 Qa7 19. Nc2 Nc5 20. Nd4 Bb7 21. Ndb5
Qa5 22. Nxc7 Qxc7 23. Nb5 Qd7 24. Be3 Ra5 25. Nd4 Rxa3 26. Nc6 Ra1 27. Rb1 Rxb1
1/2-1/2

[Event "23rd Int. Tournament "]
[Site "?"]
[Date "2015.09.04"]
[Round "9.2"]
[White "Grigoriadis, Alexandros"]
[Black "Karagiannis, Athanasios"]
[Result "0-1"]
[ECO "D11"]
[WhiteElo "2153"]
[BlackElo "2232"]
[PlyCount "68"]
[EventDate "2015.08.27"]
[TimeControl "120+28"]
[WhiteClock "0:00:17"]
[BlackClock "0:00:25"]

1. d4 d5 2. c4 c6 3. Nf3 Nf6 4. Nbd2 Bf5 5. Nh4 Bg6 6. Nxg6 hxg6 7. g3 dxc4 8.
Nxc4 Qd5 9. Qb3 Nbd7 10. f3 O-O-O 11. Bf4 g5 12. Be3 e5 13. O-O-O exd4 14. Bxd4
Nc5 15. Qc2 b5 16. e4 Qe6 17. Na3 Rxd4 18. Rxd4 Qxa2 19. Kd1 Kb7 20. Nb1 Ne6
21. Rd3 Bb4 22. Nd2 Qa1+ 23. Ke2 g4 24. Bg2 gxf3+ 25. Nxf3 Qa5 26. Nd4 Nxd4+
27. Rxd4 Qb6 28. Rxb4 Ng4 29. Kf3 Ne5+ 30. Kf4 Ng6+ 31. Kf3 Ne5+ 32. Ke2 Ng4
33. Ke1 Qe3+ 34. Kf1 Rd8 0-1

[Event "23rd Int. Tournament "]
[Site "?"]
[Date "2015.09.04"]
[Round "9.3"]
[White "Korniotis, Filippos"]
[Black "Nikolaou, Georgios"]
[Result "1/2-1/2"]
[ECO "E81"]
[WhiteElo "2006"]
[BlackElo "2317"]
[PlyCount "99"]
[EventDate "2015.08.27"]
[TimeControl "120+22"]
[WhiteClock "0:00:42"]
[BlackClock "0:00:11"]

1. d4 Nf6 2. c4 g6 3. Nc3 Bg7 4. e4 d6 5. f3 O-O 6. Be3 c5 7. Nge2 Nc6 8. d5
Ne5 9. Ng3 h5 10. Be2 h4 11. Nf1 e6 12. f4 Neg4 13. Bxg4 Nxg4 14. Qxg4 exd5 15.
f5 d4 16. Nd5 dxe3 17. Nfxe3 Bh6 18. g3 Qg5 19. gxh4 Qxg4 20. Nxg4 Bg7 21. Ne7+
Kh7 22. Nxc8 gxf5 23. Nxd6 fxg4 24. O-O-O Bd4 25. Rhf1 Kg6 26. Rd3 Rad8 27.
Nxb7 Bxb2+ 28. Kc2 Rxd3 29. Kxd3 Be5 30. Ke3 Rh8 31. Rf5 f6 32. h5+ Rxh5 33.
Rxh5 Bd4+ 34. Kf4 Kxh5 35. Kg3 Kg5 36. a4 Be5+ 37. Kg2 Bd4 38. Kg3 Be5+ 39. Kg2
Kf4 40. Nxc5 Bd6 41. Na6 Ke3 42. c5 Bxh2 43. c6 Bd6 44. c7 Bxc7 45. Nxc7 Kxe4
46. Nb5 a5 47. Kg3 Kd5 48. Kxg4 Kc5 49. Kf5 Kb4 50. Na7 1/2-1/2

[Event "23rd Int. Tournament "]
[Site "?"]
[Date "2015.09.04"]
[Round "9.4"]
[White "Nikolaou, Spiridon"]
[Black "Drakoulakos, Grigorios"]
[Result "0-1"]
[ECO "D30"]
[WhiteElo "2096"]
[BlackElo "2233"]
[PlyCount "70"]
[EventDate "2015.08.27"]
[TimeControl "120+32"]
[WhiteClock "0:00:20"]
[BlackClock "0:00:19"]

1. d4 Nf6 2. c4 e6 3. Nf3 c5 4. e3 d5 5. cxd5 exd5 6. Be2 Nc6 7. O-O Bd6 8.
dxc5 Bxc5 9. a3 a6 10. Nbd2 O-O 11. b4 Ba7 12. Bb2 Re8 13. Nb3 Ne4 14. Nbd4 Qd6
15. Nxc6 bxc6 16. Rc1 Bd7 17. Nd4 Bb8 18. g3 a5 19. Qc2 axb4 20. axb4 Rc8 21.
b5 c5 22. Bf3 Ba7 23. Ne2 Bf5 24. Qb3 c4 25. Qd1 Rd8 26. Nd4 Bh3 27. Bg2 Bd7
28. f3 Nc5 29. Bc3 Re8 30. Qd2 Nb3 31. Qf2 Nxc1 32. Rxc1 Bc5 33. Rb1 Ra3 34.
Qd2 Qb6 35. Kf2 Rxe3 0-1

[Event "23rd Int. Tournament "]
[Site "?"]
[Date "2015.09.04"]
[Round "9.5"]
[White "Gazis, Efstathios"]
[Black "Poulopoulos, Ioannis"]
[Result "1-0"]
[ECO "B92"]
[WhiteElo "2146"]
[BlackElo "2133"]
[PlyCount "105"]
[EventDate "2015.08.27"]
[TimeControl "120+14"]
[WhiteClock "0:00:38"]
[BlackClock "0:00:25"]

1. e4 c5 2. Nf3 d6 3. d4 cxd4 4. Nxd4 Nf6 5. Nc3 a6 6. Be2 e5 7. Nb3 Be7 8. O-O
O-O 9. Kh1 Be6 10. f4 exf4 11. Bxf4 Nc6 12. Qe1 Ne5 13. Rd1 Qc7 14. Qg3 Rfd8
15. Nd4 Ng6 16. Bg5 Qc5 17. Nf5 Bxf5 18. exf5 Nf8 19. Bh6 g6 20. fxg6 hxg6 21.
Be3 Qb4 22. Bd4 N8h7 23. a3 Qa5 24. Qe3 Re8 25. Bc4 Qh5 26. Qg3 Rac8 27. Bb3 d5
28. Rde1 Rcd8 29. h3 b5 30. Re5 Bd6 31. Rxe8+ Nxe8 32. Qf2 Ng5 33. Nxd5 Rd7 34.
Re1 Ne6 35. Bc3 a5 36. Nb6 Bc5 37. Qf1 Bxb6 38. Rxe6 fxe6 39. Bxe6+ Kh7 40.
Bxd7 Ng7 41. Bxb5 Nf5 42. Qf3 Qg5 43. Qb7+ Kh6 44. Qxb6 Ng3+ 45. Kh2 Qf4 46.
Kg1 Qc1+ 47. Kf2 Qf4+ 48. Kg1 Qc1+ 49. Kh2 Qf4 50. Bd2 Nf1+ 51. Kg1 Nxd2 52.
Qf2 Qd6 53. Bd3 1-0

[Event "23rd Int. Tournament "]
[Site "?"]
[Date "2015.09.04"]
[Round "9.7"]
[White "Zygouris, Hristos"]
[Black "Alexakis, Dimitrios"]
[Result "1-0"]
[ECO "B51"]
[WhiteElo "2210"]
[BlackElo "2197"]
[PlyCount "45"]
[EventDate "2015.08.27"]
[TimeControl "120+20"]
[WhiteClock "0:00:40"]
[BlackClock "0:00:25"]

1. e4 c5 2. Nf3 d6 3. Bb5+ Nc6 4. Bxc6+ bxc6 5. O-O e5 6. c3 Bg4 7. h3 Bh5 8.
Re1 Be7 9. d4 cxd4 10. cxd4 exd4 11. g4 Bg6 12. Qxd4 Qb6 13. Qa4 Kf8 14. Nc3
Nf6 15. e5 Nd7 16. Be3 Qb7 17. exd6 Bxd6 18. Rad1 Be7 19. Bf4 Re8 20. Qd4 Nf6
21. Rxe7 Rxe7 22. Bd6 c5 23. Bxc5 1-0

[Event "23rd Int. Tournament "]
[Site "?"]
[Date "2015.09.04"]
[Round "9.8"]
[White "Pandelidis, Ioannis"]
[Black "Tsiros, Fragkiskos Vlasios"]
[Result "1-0"]
[ECO "C46"]
[WhiteElo "2114"]
[BlackElo "2216"]
[PlyCount "81"]
[EventDate "2015.08.27"]
[TimeControl "120+24"]
[WhiteClock "0:00:27"]
[BlackClock "0:00:15"]

1. e4 e5 2. Nf3 Nc6 3. Nc3 g6 4. d4 exd4 5. Nxd4 Bg7 6. Be3 Nge7 7. Qd2 O-O 8.
O-O-O d5 9. Nxc6 bxc6 10. Bh6 Be6 11. Bxg7 Kxg7 12. Be2 dxe4 13. Nxe4 Qxd2+ 14.
Nxd2 Nf5 15. Bc4 Bd5 16. Bxd5 cxd5 17. Nf3 c6 18. Nd4 Ne7 19. Rhe1 Kf6 20. Rd3
Rfe8 21. Rf3+ Kg7 22. Kd2 c5 23. Rfe3 cxd4 24. Rxe7 Reb8 25. b3 Rb6 26. Rd7 Rf6
27. Re2 Rf5 28. Kd3 a5 29. Kxd4 a4 30. Rxd5 Rf4+ 31. Kd3 axb3 32. axb3 Ra1 33.
Kc3 Rh1 34. g3 Rf3+ 35. Rd3 Rxd3+ 36. Kxd3 Rxh2 37. c4 g5 38. c5 Rh1 39. c6 Rc1
40. Rc2 Rd1+ 41. Ke4 1-0

[Event "23rd Int. Tournament "]
[Site "?"]
[Date "2015.09.04"]
[Round "9.11"]
[White "Nathanail, Emanouel"]
[Black "Pountzas, Hrisanthos"]
[Result "1/2-1/2"]
[ECO "B57"]
[WhiteElo "1985"]
[BlackElo "2128"]
[PlyCount "76"]
[EventDate "2015.08.27"]
[TimeControl "120+17"]
[WhiteClock "0:00:08"]
[BlackClock "0:00:22"]

1. e4 c5 2. Nf3 d6 3. d4 cxd4 4. Nxd4 Nf6 5. Nc3 Nc6 6. Bc4 Qb6 7. Ndb5 a6 8.
Na3 e6 9. O-O Be7 10. Bb3 Qc7 11. Bf4 O-O 12. Nc4 Rd8 13. a4 Ne5 14. Qe2 Bd7
15. Be3 Nxc4 16. Qxc4 Qxc4 17. Bxc4 Rdc8 18. Be2 Bc6 19. f3 d5 20. exd5 Nxd5
21. Nxd5 Bxd5 22. Bd3 Bf6 23. c3 Rd8 24. Bc2 b5 25. axb5 axb5 26. Bc5 g6 27.
Rfd1 Kg7 28. Kf2 h5 29. Ra3 Rxa3 30. Bxa3 Be5 31. g3 h4 32. Be4 hxg3+ 33. hxg3
Bc7 34. Bxd5 Bb6+ 35. Ke2 exd5 36. b3 Kf6 37. Kd3 Re8 38. Bc1 Rc8 1/2-1/2

[Event "23rd Int. Tournament "]
[Site "?"]
[Date "2015.09.04"]
[Round "9.12"]
[White "Delithanasis, Dimitrios"]
[Black "Salahidou, Reveka"]
[Result "0-1"]
[ECO "E99"]
[WhiteElo "2105"]
[BlackElo "1975"]
[PlyCount "72"]
[EventDate "2015.08.27"]
[TimeControl "120+17"]
[WhiteClock "0:00:07"]
[BlackClock "0:00:23"]

1. Nf3 Nf6 2. c4 d6 3. d4 g6 4. Nc3 Bg7 5. e4 O-O 6. Be2 e5 7. O-O Nc6 8. d5
Ne7 9. Ne1 Nd7 10. Be3 f5 11. f3 f4 12. Bf2 g5 13. Rc1 b6 14. b4 Nf6 15. c5
bxc5 16. bxc5 h5 17. cxd6 cxd6 18. Nb5 g4 19. Qb3 Ne8 20. Kh1 Qd7 21. a4 g3 22.
hxg3 fxg3 23. Bxg3 Ng6 24. Nd3 Bh6 25. Rc6 a6 26. Na3 Qg7 27. Bf2 h4 28. Nc4
Ne7 29. Rb6 Rf6 30. Rb8 Rxb8 31. Qxb8 Rg6 32. Nb6 Rxg2 33. Nxc8 h3 34. Nxe7+
Kh7 35. Ne1 Bf4 36. Bg1 Qg3 0-1